 Dungeon Crawl Stone Soup version 0.31-a0-1068-g5939ac1 (webtiles) character file.

Game seed: 6429239619620190406

2387 Danimoth the Fighter (level 9, -5/123 HPs)
             Began as an Armataur Fighter on Nov 22, 2023.
             Was an Initiate of Gozag.
             Slain by a two-headed ogre
             ... wielding a +0 giant club
              (17 damage)
             ... on level 6 of the Dungeon.
             The game lasted 00:06:23 (4843 turns).

Danimoth the Fighter (Armataur Fighter)             Turns: 4843, Time: 00:06:24

Health: -5/123     AC: 24    Str: 25    XL:     9   Next: 22%
Magic:  9/9        EV:  1    Int:  7    God:    Gozag
Gold:   176        SH:  5    Dex: 14    Spells: 8/8 levels left

rFire   . .          .
                       - Unarmed
rCold   . . .        b - +0 buckler
rNeg    . . .        a - melded +0 scale mail
rPois   +            (helmet currently unavailable)
rElec   .            k - melded +0 cloak
rCorr   .            (gloves currently unavailable)
SInv    .            (no barding)
Will    .....        (no amulet)
Stlth   +            (no ring)
HPRegen 0.40/turn    (no ring)
MPRegen 0.11/turn

%: roll
@: tree-form
A: stationary, stasis, torment immunity, boosted hp, large, (deformed body),
(tough skin 3), (armoured tail), roll 2, long tongue, (stinger 1), agile 1,
(cold resistance 1), high MP 1, (poison resistance)
a: Renounce Religion, Potion Petition, Call Merchant, Bribe Branch


You were on level 6 of the Dungeon.
You worshipped Gozag.
Gozag was aware of your devotion.
You were a tree.
You visited 1 branch of the dungeon, and saw 6 of its levels.

You collected 238 gold pieces.
You paid 62 gold pieces to Gozag.

Inventory:

Armour
 a - a +0 scale mail (melded)
 b - a +0 buckler (worn)
 k - a +0 cloak (melded)
Jewellery
 e - a ring of magical power
Talismans
 l - a beast talisman (active)
Wands
 d - a wand of charming (11)
Scrolls
 f - a scroll of amnesia
 g - 3 scrolls of enchant weapon
 i - a scroll of enchant armour
 j - a scroll of brand weapon
Potions
 c - a potion of brilliance {unknown}
 h - a potion of curing


   Skills:
 + Level 8.5 Fighting
 - Level 3.6 Armour
 - Level 3.2 Shields
 + Level 8.2 Unarmed Combat


You had 8 spell levels left.
You didn't know any spells.
Your spell library contained the following spells:

 Spells                   Type           Power      Damage    Failure   Level
 Apportation              Tloc           0%         N/A       50%         1
 Necrotise                Necr           0%         1d4       50%         1
 Summon Small Mammal      Summ           0%         N/A       50%         1
 Ensorcelled Hibernation  Hex/Ice        0%         N/A       63%         2
 Passwall                 Tmut/Erth      0%         N/A       63%         2
 Swiftness                Air            0%         N/A       86%         3


Dungeon Overview and Level Annotations

Branches:
Dungeon (6/15)
 Temple: D:4-7

Altars:
Gozag


Innate Abilities, Weirdness & Mutations

You are a tree.
Your roots penetrate the ground, keeping you stationary.
You cannot be teleported.
You are immune to unholy pain and torment.
Your maximum health is greatly increased.
Your equipment is partially melded.
((Armour fits poorly on your strangely shaped body.))
((You have extremely tough skin. (AC +3)))
((You have a long armoured tail.))
You roll and regenerate health when moving toward enemies. (Rampage Heal)
Your long tongue fully drains potion bottles. (2x potion effects)
((Your tail ends in a venomous barb.))
You are agile. (Dex +4, Str/Int -1)
((Your flesh is cold resistant. (rC+)))
You have an increased reservoir of magic. (+10% MP)
((Your system is resistant to poisons. (rPois)))


Message History

You see here a potion of lignification.
m - a potion of lignification
Okay, then.
You barely miss the two-headed ogre. You tail-slap the two-headed ogre.
The two-headed ogre is lightly wounded.
The two-headed ogre hits you with a +0 giant club!!
The two-headed ogre hits you with a +0 giant club!
You are too injured to fight recklessly!
Your transformation has ended.
Your +0 cloak unmelds from your body.
You turn into a tree.
Your +0 cloak melds into your body.
Your +0 scale mail melds into your body.
Your roots penetrate the ground.
You slurp down every last drop of the potion of lignification!
You are too injured to fight recklessly!
You are too injured to fight recklessly!
You hit the two-headed ogre.
The two-headed ogre is lightly wounded.
You block the two-headed ogre's attack.
The two-headed ogre hits you but does no damage.
You smack the two-headed ogre!
The two-headed ogre is moderately wounded.
The two-headed ogre hits you with a +0 giant club! x2
You hit the two-headed ogre but do no damage.
The two-headed ogre is moderately wounded.
You hit the two-headed ogre.
The two-headed ogre is heavily wounded.
The two-headed ogre hits you with a +0 giant club!
* * * LOW HITPOINT WARNING * * *
The two-headed ogre hits you with a +0 giant club!
* * * LOW HITPOINT WARNING * * *
You smack the two-headed ogre!
The two-headed ogre is heavily wounded.
You smack the two-headed ogre!
The two-headed ogre is almost dead.
The two-headed ogre hits you with a +0 giant club.
* * * LOW HITPOINT WARNING * * *
The two-headed ogre hits you with a +0 giant club!
You die...
Your body crumbles into a pile of gold.

...#######################
...'....>.................
...#............$.........
...#...........<.$........
..>###########............
.....# ...##............
.....+ .................
.....# .................
....[# .......♣O........
.....# ...##............
.....# ... #............
###### ..........##..
.....# .##...##...# ..
.....# .. ##+## ####
.....# . ##'###########
.............#
#........##...


You could see a two-headed ogre.

Vanquished Creatures
  Prince Ribbit (D:5)
  Grinder (D:6)
  Eustachio (D:5)
  Edmund (D:5)
  2 black bears (D:5)
  An ice beast (D:5)
  3 phantoms (D:5)
  Blork the orc (D:5)
  A howler monkey (D:4)
  A jelly (D:6)
  A hound (D:5)
  Crazy Yiuf (D:3)
  An orc priest (D:4)
  2 gnoll boudas (D:6)
  2 iguanas
  Terence (D:2)
  Ijyb (D:5)
  2 orc wizards
  16 gnolls
  8 adders
  A white imp (D:6)
  4 worms
  2 dart slugs
  21 orcs
  8 endoplasms
  2 giant cockroaches
  5 goblins
  5 hobgoblins
  6 kobolds
  A quokka (D:4)
  6 ball pythons
  3 frilled lizards
  5 rats
117 creatures vanquished.

Vanquished Creatures (collateral kills)
  Pikel (D:5)
  An adder (D:5)
2 creatures vanquished.

Grand Total: 119 creatures vanquished

Notes
Turn   | Place    | Note
-------+----------+-------------------------------------------
     0 | D:1      | Danimoth the Armataur Fighter began the quest for the Orb.
     0 | D:1      | Reached XP level 1. HP: 18/18 MP: 1/1
   142 | D:1      | Reached XP level 2. HP: 25/26 MP: 2/2
   198 | D:1      | Found a faded altar of an unknown god.
   612 | D:2      | Reached XP level 3. HP: 31/31 MP: 3/3
  1113 | D:2      | Noticed Terence
  1127 | D:2      | HP: 2/46 [Terence/+2 flail of protection (4)]
  1129 | D:2      | Killed Terence
  1130 | D:2      | Reached XP level 4. HP: 3/40 MP: 4/4
  2102 | D:3      | Found an opulent altar of Gozag.
  2143 | D:3      | Gained mutation: Your tail ends in a venomous barb. [potion
                  | of mutation]
  2143 | D:3      | Gained mutation: You have an increased reservoir of magic.
                  | (+10% MP) [potion of mutation]
  2143 | D:3      | Gained mutation: You are agile. (Dex +4, Str/Int -1)
                  | [potion of mutation]
  2143 | D:3      | Gained mutation: Your system is resistant to poisons.
                  | (rPois) [potion of mutation]
  2143 | D:3      | Gained mutation: Your flesh is cold resistant. (rC+)
                  | [potion of mutation]
  2205 | D:3      | Reached XP level 5. HP: 20/46 MP: 5/5
  2519 | D:4      | Identified the +7 dagger "Sezeub" {drain, Str+3 SInv}
  2987 | D:4      | Reached XP level 6. HP: 52/55 MP: 6/6
  3136 | D:3      | Found a runed translucent door.
  3137 | D:3      | Noticed Crazy Yiuf
  3145 | D:3      | Killed Crazy Yiuf
  3189 | D:5      | Entered Level 5 of the Dungeon
  3189 | D:5      | Noticed an ice beast
  3199 | D:5      | Killed an ice beast
  3200 | D:5      | Reached skill level 5 in Fighting
  3200 | D:5      | Noticed Pikel
  3212 | D:5      | HP: 2/56 [Pikel/+2 whip of freezing (1)]
  3213 | D:5      | Killed Pikel
  3214 | D:5      | Reached skill level 5 in Unarmed Combat
  3214 | D:5      | Gained mutation: You roll and regenerate health when moving
                  | toward enemies. (Rampage Heal) [Armataur growth]
  3214 | D:5      | Reached XP level 7. HP: 2/64 MP: 7/7
  3221 | D:5      | HP: 4/96 [adder (1)]
  3508 | D:5      | Reached XP level 8. HP: 64/71 MP: 8/8
  3520 | D:5      | Noticed Prince Ribbit
  3541 | D:5      | Killed Prince Ribbit
  3779 | D:5      | Noticed Blork the orc
  3789 | D:5      | Killed Blork the orc
  3791 | D:5      | Noticed Ijyb
  3810 | D:5      | Killed Ijyb
  4100 | D:6      | Noticed Grinder
  4111 | D:6      | Killed Grinder
  4377 | D:3      | Became a worshipper of Gozag Ym Sagoz the Greedy
  4403 | D:6      | Noticed a two-headed ogre
  4404 | D:6      | Noticed Edmund
  4417 | D:5      | Reached XP level 9. HP: 73/81 MP: 9/9
  4582 | D:6      | Noticed Eustachio
  4597 | D:5      | Killed Eustachio
  4684 | D:5      | Killed Edmund
  4843 | D:6      | Slain by a two-headed ogre

Illustrated notes

Levels and vault maps discovered:
D:1:      heliophobic_arrival_battle_scene, layout_basic,
          shapermc_ecumenical_altar_pompeii
D:2:      layout_loops_cross, serial_forest, infiniplex_forest_end_1,
          infiniplex_forest_pool, infiniplex_forest_lined_2,
          infiniplex_forest_clump_long, infiniplex_forest_straight_2,
          minmay_diced_spiral, uniq_terence
D:3:      layout_loops_ring, general_overflow_altar, uniq_crazy_yiuf_cottage
D:4:      layout_cave_pools
D:5:      layout_cave_pools, uniq_pikel, uniq_blork_the_orc, uniq_ijyb,
          uniq_prince_ribbit1
D:6:      layout_gridville, serial_shops, shop, uniq_grinder, uniq_edmund,
          uniq_eustachio

Skill      XL: |  1  2  3  4  5  6  7  8  9 |
---------------+----------------------------+-----
Unarmed Combat | 2 3 4 5 6 7 8 |  8.2
Fighting       | 3 4 6 8 |  8.5
Armour         | |  3.6
Shields        | |  3.2

Action                     |  1- 3 |  4- 6 |  7- 9 || total
---------------------------+-------+-------+-------++-------
  Melee: Unarmed           |   105 |   144 |   212 ||   461
         Tailslap          |     7 |    21 |    33 ||    61
    Use: Potion            |     3 |     6 |     1 ||    10
         Scroll            |       |     8 |     2 ||    10
   Stab: Invisible         |       |     1 |       ||     1
 Armour: Scale mail        |    51 |   135 |   174 ||   360
         Skin              |     6 |       |    18 ||    24
  Dodge: Dodged            |    27 |    52 |    56 ||   135
  Block: Buckler           |    13 |    40 |    57 ||   110
   Form: Beast             |       |     1 |       ||     1

Table legend: (Time is in decaauts)
 A = Elapsed time spent in this place.
 B = Non-inter-level travel time spent in this place.
 C = Inter-level travel time spent in this place.
 D = Time resting spent in this place.
 E = Time spent auto-exploring this place.
 F = Levels seen in this place.
 G = Mean time per level.
                   A        B        C        D        E       F      G
               +--------+--------+--------+--------+--------+-----+--------+
         Total |   4833 |   4292 |    541 |    560 |   2930 |   6 |  805.5 |
       Dungeon |   4833 |   4292 |    541 |    560 |   2930 |   6 |  805.5 |
               +--------+--------+--------+--------+--------+-----+--------+

Top non-repeatable levels by time:
     D:5: 1175 daAuts
     D:3: 1102 daAuts
     D:2: 960 daAuts
     D:4: 681 daAuts
     D:1: 510 daAuts
     D:6: 404 daAuts
